 Dungeon Crawl Stone Soup version 0.28.0 (webtiles) character file.

Game seed: 3380235354658698845

1 Descartes the Magician (level 1, 0/18 HPs)
             Began as a Djinni Warper on Feb 7, 2022.
             Hit by a stone thrown by a kobold (1 damage)
             ... on level 1 of the Dungeon.
             The game lasted 00:00:44 (258 turns).

Descartes the Magician (Djinni Warper)               Turns: 258, Time: 00:00:44

Health: 0/18       AC:  3    Str: 10    XL:     1   Next: 22%
Gold:   11         EV: 11    Int: 14    God:
                   SH:  0    Dex: 12

rFire   + + .      SeeInvis .   a - +0 falchion
rCold   x . .      Faith    .   (no shield)
rNeg    . . .      Spirit   .   b - +0 leather armour
rPois   ∞          Reflect  .   (no helmet)
rElec   .          Harm     .   (no cloak)
rCorr   .          Rampage  .   (no gloves)
Will    .....                   (boots unavailable)
Stlth   +.........              (no amulet)
HPRegen 0.06/turn               (no ring)
MPRegen 0.00/turn               (no ring)

@: flying
A: sickness immunity, fire resistance 2, cold vulnerability 1, float, innate
caster, HP casting, extra vitality 1
a: no special abilities


You were on level 1 of the Dungeon.
You visited 1 branch of the dungeon, and saw 1 of its levels.

You collected 11 gold pieces.

Inventory:

Hand Weapons
 a - a +0 falchion (weapon)
Missiles
 d - 5 boomerangs of dispersal (quivered)
Armour
 b - a +0 leather armour (worn)
Scrolls
 c - a scroll of blinking


   Skills:
 + Level 2.0 Fighting
 + Level 1.8 Long Blades
 - Level 0.7 Throwing
 + Level 1.0 Armour
 + Level 2.2 Dodging
 + Level 2.4 Spellcasting


You couldn't memorise any spells.
You knew the following spells:

 Your Spells              Type           Power      Damage    Failure   Level
a - Blink                 Tloc           16%        N/A       17%         2
b - Lesser Beckoning      Tloc           8%         N/A       34%         3
c - Gell's Gravitas       Tloc           8%         N/A       34%         3
d - Teleport Other        Tloc           8%         N/A       34%         3
e - Manifold Assault      Tloc           8%         N/A       97%         5
Your spell library was empty.

Dungeon Overview and Level Annotations

Branches:
Dungeon (1/15)

Altars:


Innate Abilities, Weirdness & Mutations

You are immune to sickness and miasma.
You are immune to poison.
Your flesh is very heat resistant. (rF++)
You are vulnerable to cold. (rC-)
You float through the air rather than walking.
You learn spells naturally, not from books.
Your magical power is your life essence.
You have superior vitality. (+4 MHP)


Message History

The goblin shouts!
The endoplasm quivers.
A kobold is nearby!
A kobold is nearby!
The kobold throws a stone.
The stone barely misses you.
The kobold throws a stone.
The stone hits you but does no damage. The goblin hits you with a +0 dagger.
The rat bites you. The kobold hits you with a +0 club.
You closely miss the kobold. The goblin hits you with a +0 dagger.
The rat bites you.
* * * LOW HITPOINT WARNING * * *
The kobold hits you but does no damage.
You are too injured to fight recklessly!
You are too injured to fight recklessly!
You are too injured to fight recklessly!
You are too injured to fight recklessly!
You are too injured to fight recklessly!
You are too injured to fight recklessly!
You are too injured to fight recklessly!
You are too injured to fight recklessly!
You are too injured to fight recklessly!
You are too injured to fight recklessly!
The kobold throws a stone.
The stone hits you but does no damage.
The kobold throws a stone.
The stone hits you.
* * * LOW HITPOINT WARNING * * *
A kobold is nearby!
A kobold opens the door.
It is wielding a +0 club.
The endoplasm quivers.
The kobold throws a stone.
The stone hits you but does no damage.
The kobold throws a stone.
The stone hits you but does no damage. The kobold hits you with a +0 club.
* * * LOW HITPOINT WARNING * * *
The endoplasm closely misses you.
There is an open door here.
The kobold throws a stone.
The stone closely misses you.
The kobold throws a stone.
The stone hits you.
* * * LOW HITPOINT WARNING * * *
The kobold throws a stone.
The stone closely misses you.
The kobold throws a stone.
The stone hits you.
You die...

.......≈≈≈≈≈≈≈≈≈≈.≈≈≈≈≈.########
.......≈≈≈≈≈≈≈>.(≈≈≈≈≈≈..#######
......≈≈≈≈≈≈..<≈≈≈≈≈≈≈.........
.##....≈≈≈≈≈.≈≈≈≈≈≈≈≈≈≈.########
.......≈≈≈≈≈.≈≈≈≈≈≈≈≈≈≈.#
.......≈≈≈≈≈.≈≈≈≈≈≈≈≈≈≈##
......r≈≈≈8≈≈.≈≈≈≈≈8≈≈≈#
......g#≈≈≈≈≈≈.≈≈≈≈≈≈≈##
.......##≈≈≈≈≈.@≈≈≈≈≈##
......####≈≈≈.≈≈≈≈≈≈## ........
##..######## ........###.##
........'JK..# ........####.#
...#... .# # #.#. .# #.#. .#


You could see an endoplasm and a kobold.

Vanquished Creatures
  An endoplasm (D:1)
1 creature vanquished.

Notes
Turn   | Place    | Note
-------+----------+-------------------------------------------
     0 | D:1      | Descartes the Djinni Warper began the quest for the Orb.
     0 | D:1      | Reached XP level 1. HP: 18/18 MP: 0/0
   258 | D:1      | Hit by a stone thrown by a kobold

Illustrated notes

Levels and vault maps discovered:
D:1:      nzn_arrival_water_spiral, layout_basic, basic_ecumenical_altar,
          hex_medium, hangedman_decor_slide_cut, dk_noncrumbling_4,
          minmay_heptomino_d4

Action                   || total
-------------------------++-------
Melee: Falchion          ||     4
Armor: Leather armour    ||     6
Dodge: Dodged            ||     9
